 Dungeon Crawl Stone Soup version 0.29-a0-284-gf9362112df (webtiles) character file.

Game seed: 17949126876826734952

774 frimble the Skirmisher (level 8, -3/61 HPs)
             Began as a Djinni Cinder Acolyte on Mar 14, 2022.
             Was a High Priest of Ignis.
             Slain by an ogre
             ... wielding a +0 giant club
              (33 damage)
             ... on level 6 of the Dungeon.
             The game lasted 00:05:03 (6628 turns).

frimble the Skirmisher (Djinni Cinder Acolyte)      Turns: 6628, Time: 00:05:04

Health: -3/61      AC:  6    Str: 15    XL:     8   Next: 10%
Gold:   1042       EV: 11    Int: 17    God:    Ignis [*****.] SH:  0 Dex:  8

rFire   + + +      SeeInvis .   p - +0 short sword (venom)
rCold   . . .      Faith    .   (no shield)
rNeg    . . .      Spirit   .   b - +1 robe
rPois   ∞          Reflect  .   (no helmet)
rElec   .          Harm     .   r - +0 cloak
rCorr   .          Rampage  .   n - +1 pair of gloves of the Doldrums {rC+}
Will    .....                   (boots unavailable)
Stlth   +.........              (no amulet)
HPRegen 0.20/turn               (no ring)
MPRegen 0.00/turn               (no ring)

@: flying
A: sickness immunity, fire resistance 2, cold vulnerability 1, float, innate
caster, HP casting, extra vitality 1
a: Renounce Religion, Fiery Armour, Foxfire Swarm, Rising Flame


You were on level 6 of the Dungeon.
You worshipped Ignis.
Ignis was extremely pleased with you.
You visited 1 branch of the dungeon, and saw 6 of its levels.

You collected 1042 gold pieces.

Inventory:

Hand Weapons
 a - a -1 short sword of flaming
 d - a +0 rapier
 p - a +0 short sword of venom (weapon)
Armour
 b - a +1 robe (worn)
 n - the +1 pair of gloves of the Doldrums (worn) {rC+}
   (You acquired it on level 3 of the Dungeon)

   rC:        It protects you from cold.
 r - a +0 cloak (worn)
Scrolls
 m - 7 scrolls of identify
 o - a scroll of teleportation
Potions
 c - a potion of haste
 e - 2 potions of lignification {unknown}
 f - 3 potions of heal wounds
 g - 2 potions of might {unknown}
 h - 3 potions of curing {unknown}
 i - a potion of mutation {unknown}
 k - 2 potions of magic {unknown}
 l - a potion of flight {unknown}
 q - a potion of invisibility {unknown}


   Skills:
 + Level 5.6 Fighting
 + Level 5.1 Short Blades
 + Level 4.4 Spellcasting


You had 7 spell levels left.
You knew the following spells:

 Your Spells              Type           Power      Damage    Failure   Level
a - Scorch                Fire           36%        2d6       3%          2
b - Slow                  Hex            72%        N/A       2%          1
c - Blink                 Tloc           36%        N/A       3%          2
d - Ignite Poison         Fire/Tmut/Pois 18%        N/A       8%          3
Your spell library was empty.

Dungeon Overview and Level Annotations

Branches:
Dungeon (6/15)
 Temple: D:4-7

Altars:
Gozag

Shops:
D:1 [

Annotations:
D:3 diggie


Innate Abilities, Weirdness & Mutations

You are immune to sickness and miasma.
You are immune to poison.
Your flesh is very heat resistant. (rF++)
You are vulnerable to cold. (rC-)
You float through the air rather than walking.
You learn spells naturally, not from books.
Your magical power is your life essence.
You have superior vitality. (+4 MHP)


Message History

The orc throws a boomerang of dispersal.
The boomerang of dispersal barely misses you.
The orc closely misses you.
You see here a hound corpse.
You hit the orc.
The orc is poisoned.
The orc is severely wounded.
The orc hits you with a +1 falchion of draining.
You hit the orc.
The orc looks as sick as possible!
The orc is almost dead.
The orc closely misses you.
You hit the orc.
You kill the orc!
Things that are here:
a +1 falchion of draining; 2 boomerangs of dispersal
Items here: )) [ ††.
Things that are here:
a +1 falchion of draining; 2 boomerangs of dispersal An ogre comes into view.
It is wielding a +0 giant club.
An ogre is nearby!
An ogre is nearby!
An ogre is nearby!
An ogre is nearby!
The ogre shouts!
You see here a hound corpse.
Casting: Ignite Poison (dangerous; 8% risk of failure)
Confirm with . or Enter, or press ? or * to list all spells.
Flames lash the ogre.
The ogre is lightly wounded.
The ogre's fire resistance burns away.
Casting: Scorch (safe; 3% risk of failure)
Confirm with . or Enter, or press ? or * to list all spells.
Flames lash the ogre.
The ogre is burned terribly!
The ogre is heavily wounded.
Casting: Scorch (safe; 3% risk of failure)
Confirm with . or Enter, or press ? or * to list all spells.
Flames lash the ogre.
The ogre is burned terribly!
The ogre is severely wounded.
The ogre hits you with a +0 giant club!!
Ouch! That really hurt!
You die...

. ...#.## ..##...
....O.. ........
##########.#.......
#<.........#......?
#.....######.......
#.@O.....†)).......
#....#######.......
#....# .......
###### ..(....
#######


You could see an ogre (combustible).

Vanquished Creatures
  An ogre (D:2)
  3 scorpions
  3 killer bees (D:5)
  2 hounds
  A jelly (D:5)
  An iguana (D:5)
  An orc wizard (D:4)
  Ijyb (D:5)
  6 adders
  A white imp (D:5)
  2 ufetubi
  A worm (D:3)
  3 dart slugs
  20 orcs
  8 ball pythons
  2 bats
  14 endoplasms
  5 giant cockroaches
  11 goblins
  5 hobgoblins
  3 jackals (D:4)
  10 kobolds
  3 quokkas
  2 frilled lizards
  3 rats
112 creatures vanquished.

Vanquished Creatures (others)
  3 plants (D:2)
3 creatures vanquished.

Grand Total: 115 creatures vanquished

Notes
Turn   | Place    | Note
-------+----------+-------------------------------------------
     0 | D:1      | frimble the Djinni Cinder Acolyte began the quest for the
                  | Orb.
     0 | D:1      | Reached XP level 1. HP: 20/20 MP: 0/0
   206 | D:1      | Reached XP level 2. HP: 25/25 MP: 0/0
  1034 | D:1      | Reached XP level 3. HP: 19/30 MP: 0/0
  1034 | D:1      | Learned a level 1 spell: Slow
  1034 | D:1      | Found Lela's Antique Armour Shoppe.
  1882 | D:2      | Noticed an ogre
  1888 | D:2      | Found a faded altar of an unknown god.
  1898 | D:2      | Killed an ogre
  1899 | D:2      | Reached XP level 4. HP: 30/37 MP: 0/0
  1899 | D:2      | Reached XP level 5. HP: 33/41 MP: 0/0
  1899 | D:2      | Learned a level 2 spell: Blink
  2910 | D:3      | Identified 2 scrolls of acquirement
  2910 | D:3      | Acquired the +1 pair of gloves of the Doldrums {rC+}
  2914 | D:2      | Acquired 809 gold pieces
  3396 | D:3      | Reached XP level 6. HP: 28/47 MP: 0/0
  4091 | D:4      | HP: 1/48 [scorpion (6)]
  4530 | D:4      | Reached XP level 7. HP: 37/53 MP: 0/0
  4530 | D:4      | Learned a level 3 spell: Ignite Poison
  4651 | D:4      | Found an opulent altar of Gozag.
  4954 | D:4      | Identified the +0 ring mail of Watchfulness {rPois rF- SInv
                  | Stlth+}
  5352 | D:5      | Entered Level 5 of the Dungeon
  5416 | D:5      | Reached skill level 5 in Fighting
  6002 | D:5      | Reached skill level 5 in Short Blades
  6194 | D:5      | Noticed Ijyb
  6207 | D:5      | Killed Ijyb
  6212 | D:5      | Reached XP level 8. HP: 36/60 MP: 0/0
  6628 | D:6      | Slain by an ogre

Illustrated notes

Levels and vault maps discovered:
D:1:      lordsloth_arrival_two_stooges, layout_basic, serial_shops, shop
D:2:      minmay_evil_eye, layout_basic,
          shapermc_ecumenical_altar_mp_ritualfount
D:3:      layout_basic, serial_glass, glass_columns_a, glass_columns_c,
          due_unseen_surprise, nicolae_figureground_pulse
D:4:      layout_loops_ring, minmay_ruined_shrine
D:5:      layout_rooms, uniq_ijyb
D:6:      layout_rooms, eat_drink_and_be_merry_uskayaw,
          minmay_temple_entry_overgrown, sigmund_army, uniq_pikel, uniq_maggie

Skill      XL: |  1  2  3  4  5  6  7 |
---------------+----------------------+-----
Short Blades   | 3 4 5 |  5.1
Fighting       | 4 5 |  5.6
Spellcasting   | 3 4 |  4.4

Action                   |  1- 3 |  4- 6 |  7- 9 || total
-------------------------+-------+-------+-------++-------
Melee: Rapier            |    84 |   152 |       ||   236
       Punch             |       |     2 |     2 ||     4
       Short sword       |       |       |   110 ||   110
 Cast: Scorch            |     7 |    39 |    12 ||    58
       Ignite Poison     |       |       |     1 ||     1
  Use: Scroll            |     1 |     5 |     5 ||    11
       Potion            |       |     1 |       ||     1
Armor: Robe              |    15 |    52 |    34 ||   101
Dodge: Dodged            |    45 |    92 |    81 ||   218

Table legend: (Time is in decaauts)
 A = Elapsed time spent in this place.
 B = Non-inter-level travel time spent in this place.
 C = Inter-level travel time spent in this place.
 D = Time resting spent in this place.
 E = Time spent auto-exploring this place.
 F = Levels seen in this place.
 G = Mean time per level.
                   A        B        C        D        E       F      G
               +--------+--------+--------+--------+--------+-----+--------+
         Total |   6620 |   6457 |    163 |    159 |   5472 |   6 | 1103.3 |
       Dungeon |   6620 |   6457 |    163 |    159 |   5472 |   6 | 1103.3 |
               +--------+--------+--------+--------+--------+-----+--------+

Top non-repeatable levels by time:
     D:1: 1836 daAuts
     D:4: 1588 daAuts
     D:2: 1236 daAuts
     D:3: 969 daAuts
     D:5: 912 daAuts
     D:6: 77 daAuts
